Map: Frozen Temple

Players

Gracz - Winner!

  • Race: Zerg Zerg
  • League: Silver

Broxigar

  • Race: Protoss Protoss
  • League: Silver

VOD

Have the link to the VOD?

Description

Time

  • Played on: Nov. 3, 2016, 2:44 p.m.
  • Length: 12:26
Show
View Real Time Build Order
Export as new Build Order

Gracz Zerg - Winner!

Build Orders: Hatch First 

Get SALT Encoding   

  12  0:02  Drone  
  13  0:13  Overlord  
  13  0:30  Drone  
  13  0:32  Drone x2  
  16  0:54  Unknown, Hatchery  
  15  1:05  Drone x3  
  18  1:18  Spawning Pool  
  18  1:25  Extractor, Drone  
  17  1:39  Drone  
  19  1:40  Drone  
  19  2:03  Drone x2  
  19  2:05  Unknown  
  19  2:06  Queen x2  
  25  2:11  Drone x2  
  27  2:20  Extractor  
  27  2:21  Drone  
  27  2:24  Drone  
  28  2:30  Overlord  
  28  2:51  Metabolic Boost  
  28  2:54  Drone  
  28  2:55  Drone x4  
  33  3:03  Queen  
  33  3:05  Lair  
  35  3:18  Drone  
  35  3:19  Overlord x2  
  34  3:42  Drone x2  
  36  3:53  Pneumatized Carapace  
  36  3:54  Drone  
  36  3:55  Drone x10  
  47  4:11  Extractor  
  47  4:16  Overlord x2  
  46  4:22  Unknown, Hatchery  
  45  4:39  Drone x3  
  45  4:40  Extractor  
  45  4:43  Spire  
  46  4:49  Hydralisk Den  
  45  4:52  Evolution Chamber  
  45  4:55  Drone x3  
  45  4:56  Evolution Chamber, Drone  
  47  5:02  Queen  
  47  5:04  Queen  
  51  5:10  Zergling x16  
  59  5:29  Zerg Melee Weapons Level 1  
  59  5:30  Zerg Ground Armor Level 1  
  59  5:31  Lurker Den  
  59  5:33  Unknown  
  59  5:38  Infestation Pit  
  59  5:40  Drone  
  59  5:41  Drone x7  
  66  5:43  Overlord  
  66  5:59  Overlord x2  
  66  6:06  Zerg Flyer Weapons Level 1  
  66  6:17  Drone x3  
  66  6:18  Drone x10  
  79  6:35  Extractor  
  79  6:37  Extractor  
  77  6:45  Overseer x2  
  77  6:51  Hive  
  77  7:18  Hydralisk, Unknown, Hatchery  
  77  7:19  Hydralisk x6  
  90  7:22  Overlord  
  90  7:23  Overlord x3  
  85  7:51  Mutalisk  
  85  7:52  Mutalisk x6  
  76  8:30  Unknown  
  76  8:32  Greater Spire  
  76  8:33  Zerg Ground Armor Level 2, Ultralisk Cavern  
  73  8:42  Zerg Melee Weapons Level 2  
  73  8:43  Queen x4  
  81  8:50  Hydralisk x2  
  81  8:54  Zergling x18  
  94  8:57  Lurker  
  95  9:06  Drone  
  96  9:16  Muscular Augments  
  96  9:19  Adrenal Glands  
  96  9:30  Unknown, Hatchery  
  95  9:45  Lurker  
  96  9:47  Ultralisk  
  96  9:48  Zergling x22  
  113  10:01  Spire  
  112  10:13  Drone x8  
  119  10:41  Unknown  
  108  10:42  Corruptor  
  108  10:43  Corruptor x2  
  108  10:44  Zergling x4  
  108  10:45  Ultralisk x2  
  108  10:46  Zergling x16  
  112  11:08  Zergling x2, Ultralisk x2  
  112  11:09  Zergling x10  
  112  11:11  Overlord x6  
  119  11:39  Overseer x2  
  116  11:40  Overseer  
  116  11:48  Brood Lord x2  
Show
View Real Time Build Order
Export as new Build Order

Broxigar Protoss 

Build Orders:  

Get SALT Encoding   

  12  0:02  Probe (Chrono Boost)  
  13  0:13  Probe (Chrono Boost)  
  14  0:23  Probe (Chrono Boost)  
  14  0:27  Pylon  
  15  0:40  Assimilator  
  15  0:45  Probe (Chrono Boost)  
  15  0:49  Gateway  
  16  1:02  Probe (Chrono Boost)  
  17  1:12  Probe (Chrono Boost)  
  18  1:23  Probe (Chrono Boost), Gateway  
  19  1:33  Probe (Chrono Boost)  
  19  1:35  Assimilator  
  19  1:37  Zealot  
  22  1:44  Probe (Chrono Boost)  
  23  1:55  Cybernetics Core  
  23  2:19  Pylon  
  23  2:21  Pylon  
  23  2:25  Warp Gate  
  27  2:37  Probe (Chrono Boost), Zealot x2  
  28  2:45  Forge  
  28  2:48  Probe (Chrono Boost)  
  29  3:06  Unknown, Nexus  
  29  3:09  Stalker  
  29  3:11  Stalker  
  33  3:16  Protoss Ground Weapons Level 1  
  31  3:45  Sentry, Stalker  
  35  4:11  Stalker  
  37  4:18  Unknown  
  37  4:23  Pylon  
  37  4:26  Pylon  
  37  4:44  Probe (Chrono Boost)  
  39  4:45  Probe (Chrono Boost)  
  39  4:55  Twilight Council  
  40  5:00  Probe (Chrono Boost)  
  40  5:02  Probe (Chrono Boost)  
  41  5:08  Pylon  
  41  5:10  Probe (Chrono Boost)  
  41  5:12  Pylon  
  43  5:14  Protoss Shields Level 1, Probe (Chrono Boost)  
  43  5:27  Stalker x2  
  47  5:31  Pylon  
  47  5:42  Dark Shrine  
  47  5:49  Pylon  
  47  5:51  Pylon, Stalker x2  
  51  6:02  Gateway  
  51  6:03  Gateway  
  51  6:05  Gateway  
  51  6:07  Forge  
  51  6:08  Blink  
  51  6:09  Probe (Chrono Boost)  
  52  6:15  Probe (Chrono Boost)  
  53  6:19  Probe (Chrono Boost)  
  54  6:41  Assimilator  
  54  6:42  Assimilator  
  54  6:43  Probe (Chrono Boost)  
  54  6:45  Zealot x2  
  59  6:53  Probe (Chrono Boost)  
  60  6:58  Protoss Ground Armor Level 1  
  60  7:04  Probe (Chrono Boost)  
  61  7:12  Dark Templar x2  
  61  7:13  Dark Templar  
  61  7:14  Probe (Chrono Boost)  
  68  7:25  Dark Templar x2, Probe (Chrono Boost)  
  73  7:35  Probe (Chrono Boost)  
  74  7:46  Probe (Chrono Boost)  
  71  7:57  Probe (Chrono Boost)  
  64  8:07  Probe (Chrono Boost)  
  45  8:29  Dark Templar x5  
  51  8:36  Archon x2  
  51  8:39  Probe (Chrono Boost)  
  52  8:46  Photon Cannon  
  52  8:47  Photon Cannon  
  52  8:48  Photon Cannon  
  52  8:50  Probe (Chrono Boost)  
  53  9:01  Probe (Chrono Boost)  
  54  9:08  Unknown, Nexus  
  54  9:11  Pylon  
  54  9:14  Pylon, Stalker x4  
  54  9:15  Stalker  
  64  9:18  Protoss Ground Armor Level 2  
  64  9:35  Photon Cannon  
  64  9:36  Photon Cannon  
  64  9:40  Sentry  
  64  9:41  Sentry  
  64  9:42  Stalker x2  
  72  9:46  Charge  
  72  9:57  Assimilator  
  72  9:58  Assimilator  
  72  10:20  Unknown  
  72  10:25  Probe (Chrono Boost)  
  72  10:28  Stalker x3  
  75  10:29  Stalker x2  
  84  10:35  Probe (Chrono Boost)  
  72  10:46  Probe (Chrono Boost)  
  47  11:11  Dark Templar x2  
  47  11:12  Dark Templar x3  
  35  11:41  Probe (Chrono Boost)  
  36  11:52  Probe (Chrono Boost)  
  37  11:56  Robotics Facility  
  37  11:57  Robotics Facility  
  37  11:59  Robotics Facility  
  37  12:02  Probe (Chrono Boost)  
  38  12:13  Probe (Chrono Boost)  
  38  12:14  Dark Templar x2  
  43  12:15  Dark Templar  
Tags
 
Add a new tag
Caveats
  • Supply blocks, unpowered buildings, or Contaminate may cause inaccurate times.
  • Supply counts are checked every 10 seconds.